Map: Ulrena

Players

Thilly - Winner!

  • Race: Zerg Zerg

Hfuhruhurr

  • Race: Zerg Zerg

VOD

Have the link to the VOD?

Description

Time

  • Played on: Nov. 11, 2015, 10:40 p.m.
  • Length: 15:17
Show
View Real Time Build Order
Export as new Build Order

Thilly Zerg - Winner!

Build Orders: Hatch First, Lurkers 

Get SALT Encoding   

  12  0:01  Drone  
  13  0:10  Drone  
  14  0:35  Hatchery  
  14  0:38  Drone  
  14  0:54  Spawning Pool  
  13  0:57  Drone  
  13  1:02  Extractor  
  13  1:03  Drone  
  14  1:12  Overlord  
  14  1:31  Drone x2  
  16  1:35  Drone  
  17  1:41  Queen  
  19  1:51  Zergling x4  
  21  1:59  Queen  
  23  2:11  Metabolic Boost  
  23  2:31  Overlord x2  
  23  2:34  Drone x3  
  26  2:58  Roach Warren  
  25  3:00  Lair  
  25  3:02  Evolution Chamber  
  25  3:05  Drone  
  25  3:09  Zergling x2  
  25  3:37  Roach x5  
  25  3:39  Zergling x2  
  25  3:40  Zergling x2  
  37  3:53  Roach x2  
  37  3:54  Zergling x2  
  38  4:22  Roach x3  
  40  4:33  Roach  
  40  4:34  Zergling x4  
  40  4:35  Overlord x2  
  44  4:41  Extractor  
  44  4:42  Drone  
  44  5:06  Drone x4  
  44  5:07  Drone  
  45  5:32  Roach x5  
  53  5:48  Zergling x2  
  53  5:49  Zergling x10  
  57  6:04  Roach x2  
  53  6:22  Zerg Missile Weapons Level 1, Glial Reconstitution  
  53  6:25  Roach x3  
  59  6:35  Drone  
  59  6:38  Overlord  
  59  6:39  Overlord  
  43  7:12  Roach x7  
  43  7:14  Zergling x2  
  53  7:17  Drone  
  48  7:38  Drone x5  
  53  7:45  Roach x3  
  59  7:52  Drone x2  
  59  7:54  Drone  
  62  8:11  Drone  
  63  8:16  Hatchery  
  62  8:29  Drone  
  62  8:30  Drone x7  
  70  8:46  Extractor  
  70  8:47  Extractor  
  68  8:52  Roach x4  
  68  8:53  Overlord x2  
  76  9:00  Zerg Missile Weapons Level 2  
  76  9:30  Drone x4  
  76  9:31  Drone x5  
  85  9:33  Roach x2  
  85  9:34  Overlord x2  
  89  9:46  Hydralisk Den  
  88  9:55  Infestation Pit, Roach x5  
  97  10:04  Queen  
  99  10:17  Hydralisk, Roach x2  
  99  10:19  Overlord x2  
  99  10:20  Overlord x2  
  105  10:32  Evolution Chamber  
  105  10:34  Lurker Den  
  104  10:36  Hydralisk  
  104  10:37  Hydralisk x2  
  104  10:39  Hydralisk  
  112  10:43  Overseer  
  112  10:55  Hydralisk x3  
  118  11:14  Extractor  
  118  11:15  Extractor  
  116  11:19  Zerg Ground Armor Level 1  
  116  12:08  Hydralisk  
  116  12:09  Hydralisk x10  
  138  12:20  Hive  
  138  12:25  Overlord x5  
  138  12:26  Overlord x4  
  138  12:38  Muscular Augments  
  138  12:44  Lurker x2  
  138  12:45  Lurker x5  
  145  13:15  Hatchery  
  144  13:26  Hatchery  
  65  14:17  Roach x10  
  65  14:18  Roach x24  
  65  14:21  Zergling x4  
  125  14:40  Roach, Zergling x2  
  125  14:41  Zergling x16  
  134  15:04  Lurker x4  
Show
View Real Time Build Order
Export as new Build Order

Hfuhruhurr Zerg 

Build Orders: Pool First 

Get SALT Encoding   

  12  0:01  Drone  
  13  0:13  Overlord  
  13  0:20  Drone  
  14  0:31  Drone  
  14  0:32  Drone  
  16  0:35  Drone  
  17  0:47  Drone  
  18  0:53  Spawning Pool  
  18  0:55  Extractor  
  16  0:58  Drone  
  17  1:08  Drone  
  18  1:22  Overlord  
  18  1:32  Drone  
  19  1:40  Drone  
  19  1:45  Hatchery  
  19  1:50  Drone  
  19  1:51  Queen  
  22  1:56  Metabolic Boost  
  22  2:04  Zergling x2  
  23  2:13  Zergling x2  
  24  2:23  Zergling x2  
  25  2:30  Queen  
  25  2:36  Zergling x2  
  28  2:46  Overlord  
  28  2:56  Drone  
  29  3:00  Drone  
  29  3:02  Baneling Nest  
  29  3:05  Queen  
  29  3:09  Zergling x2  
  29  3:10  Zergling x2  
  33  3:16  Drone  
  34  3:23  Evolution Chamber  
  34  3:24  Zergling x2  
  34  3:35  Zergling x4  
  36  3:46  Baneling x3  
  36  3:47  Zergling x12  
  36  3:48  Zergling x4  
  34  4:20  Roach Warren  
  26  4:33  Zerg Missile Weapons Level 1  
  26  4:34  Spine Crawler  
  26  4:36  Drone x3  
  26  4:37  Overlord x2  
  29  4:38  Drone x3  
  29  4:39  Drone x3  
  34  4:57  Lair  
  34  5:00  Roach  
  36  5:07  Spine Crawler  
  36  5:11  Drone, Extractor  
  36  5:12  Drone x2  
  35  5:22  Roach  
  35  5:23  Roach  
  37  5:31  Zergling x16  
  43  5:38  Roach  
  44  5:43  Zergling x6  
  42  5:55  Roach x3  
  43  6:10  Drone x3  
  44  6:22  Drone x3  
  47  6:29  Drone  
  47  6:30  Queen  
  50  6:44  Roach x3  
  50  6:45  Roach  
  58  6:47  Baneling  
  57  6:54  Roach  
  57  6:57  Zergling x2  
  57  7:06  Roach x2  
  56  7:16  Roach  
  58  7:24  Overlord  
  58  7:34  Drone x2  
  59  7:42  Drone x4  
  59  7:44  Hatchery  
  62  7:46  Extractor, Queen x2  
  62  7:47  Extractor  
  62  7:48  Overlord x2  
  64  7:55  Drone  
  65  8:04  Spine Crawler  
  64  8:13  Drone x3  
  67  8:22  Queen  
  67  8:26  Zerg Missile Weapons Level 2  
  69  8:29  Overlord x3  
  69  8:33  Roach  
  71  8:42  Glial Reconstitution  
  71  8:54  Drone x2  
  71  8:55  Drone x2, Queen  
  77  9:12  Infestation Pit  
  77  9:16  Hydralisk Den  
  75  9:24  Roach x3  
  75  9:25  Roach x6  
  93  9:39  Extractor  
  93  9:41  Drone x4, Extractor  
  93  9:42  Drone x4  
  99  9:46  Muscular Augments  
  99  9:48  Pathogen Glands  
  99  9:53  Drone x2  
  99  9:56  Drone x2  
  103  10:01  Drone  
  103  10:06  Hive  
  104  10:14  Drone x5  
  109  10:23  Overlord x2  
  109  10:39  Hydralisk  
  109  10:40  Hydralisk x2  
  109  10:42  Hydralisk x3  
  115  10:43  Hydralisk  
  123  10:55  Overseer  
  123  10:57  Hydralisk x3  
  123  11:00  Overlord x2  
  123  11:01  Overlord  
  129  11:12  Overseer  
  129  11:14  Overseer  
  129  11:30  Overlord x4  
  129  11:31  Infestor x2  
  129  11:32  Infestor x4  
  141  11:41  Overlord x2  
  141  11:51  Overseer  
  141  12:02  Viper x2  
  147  12:09  Zerg Missile Weapons Level 3  
  147  12:19  Hydralisk x3  
  147  12:21  Roach x2  
  157  12:31  Burrow  
  157  12:45  Roach x4  
  157  12:46  Roach x6  
  177  12:54  Roach x7  
  191  13:01  Hydralisk x2  
  192  13:35  Ravager, Extractor  
  192  13:37  Hatchery  
  192  13:39  Extractor  
  103  14:03  Roach  
  103  14:04  Roach x18  
  111  14:13  Roach x2  
  111  14:17  Roach  
  103  14:22  Roach  
  104  14:25  Roach x2  
  104  14:33  Roach  
  104  14:36  Roach x2  
  110  14:51  Roach x2  
  110  14:52  Roach  
  114  14:57  Roach x3  
Tags
 
Composition
Lurkers
Matchup
ZvZ
Race
Zerg
Add a new tag
Caveats
  • Supply blocks, unpowered buildings, or Contaminate may cause inaccurate times.
  • Supply counts are checked every 10 seconds.